Map: Cactus Valley LE (Void)

Players

Cookiezi - Winner!

  • Race: Zerg Zerg

Shamanas

  • Race: Terran Terran

VOD

Have the link to the VOD?

Description

Time

  • Played on: May 1, 2015, 1:32 a.m.
  • Length: 11:51
Show
View Real Time Build Order
Export as new Build Order

Cookiezi Zerg - Winner!

Build Orders: Hatch First, Muta Ling Bane 

Get SALT Encoding   

  12  0:08  Overlord  
  12  0:13  Drone  
  13  0:18  Drone  
  14  0:26  Drone  
  15  0:29  Drone  
  16  0:40  Drone  
  17  0:55  Hatchery  
  16  0:57  Drone  
  17  1:12  Spawning Pool  
  17  1:14  Drone  
  17  1:19  Drone  
  17  1:22  Extractor  
  17  1:24  Drone  
  18  1:35  Overlord  
  18  2:02  Queen  
  20  2:10  Hatchery  
  20  2:14  Queen  
  21  2:23  Metabolic Boost  
  21  2:28  Zergling x2  
  22  2:37  Zergling x6  
  25  2:39  Drone  
  25  2:42  Drone  
  27  2:47  Drone  
  27  2:49  Drone  
  30  2:51  Drone  
  30  3:02  Queen  
  30  3:03  Drone  
  33  3:08  Overlord  
  33  3:10  Drone  
  34  3:15  Drone x2  
  36  3:23  Queen  
  39  3:27  Drone x2  
  39  3:33  Drone  
  39  3:34  Drone  
  42  3:37  Overlord  
  42  3:54  Lair  
  41  3:57  Extractor  
  41  3:58  Drone  
  41  3:59  Drone x5  
  41  4:01  Extractor  
  45  4:03  Extractor  
  45  4:09  Zergling x8  
  48  4:14  Zergling x2  
  48  4:15  Zergling x2  
  49  4:22  Zergling x8  
  53  4:25  Drone  
  55  4:31  Drone  
  55  4:32  Drone x2  
  55  4:35  Overlord  
  55  4:37  Overlord  
  53  4:46  Overlord x2  
  52  4:57  Spire  
  52  4:58  Drone  
  52  4:59  Drone x2  
  54  5:03  Baneling Nest  
  54  5:04  Drone  
  54  5:05  Drone  
  55  5:14  Drone x4  
  56  5:15  Drone  
  56  5:17  Drone  
  61  5:24  Drone x4  
  61  5:28  Drone x2  
  66  5:29  Drone  
  66  5:34  Drone x3  
  62  5:49  Evolution Chamber  
  61  5:50  Evolution Chamber  
  61  5:51  Drone x5  
  61  5:52  Drone x5  
  61  5:56  Centrifical Hooks  
  70  5:58  Zergling x2  
  70  6:02  Zergling x6  
  70  6:04  Zergling x2  
  75  6:13  Zergling x8  
  75  6:14  Zergling x4  
  81  6:22  Extractor  
  81  6:25  Extractor  
  79  6:33  Baneling x9  
  79  6:34  Zerg Ground Armor Level 1  
  79  6:35  Zerg Melee Weapons Level 1  
  79  6:36  Zergling x2  
  79  6:37  Zergling x2  
  81  6:41  Hatchery  
  81  6:46  Mutalisk  
  82  6:48  Overlord x4  
  82  6:58  Zergling x2  
  82  6:59  Zergling x12  
  81  7:04  Overlord x2  
  81  7:07  Queen  
  81  7:08  Queen  
  83  7:09  Overseer  
  83  7:15  Mutalisk x3  
  87  7:26  Mutalisk  
  87  7:27  Mutalisk x2  
  87  7:29  Drone  
  93  7:30  Drone x5  
  93  7:36  Zerg Flyer Weapons Level 1  
  98  7:43  Zergling x12  
  98  7:44  Zergling x8  
  108  7:47  Baneling  
  108  7:48  Baneling x5  
  108  7:54  Overseer  
  108  7:55  Queen  
  110  8:01  Drone  
  110  8:02  Drone x4  
  110  8:05  Drone x3, Extractor  
  118  8:06  Extractor  
  118  8:11  Drone  
  118  8:12  Drone x5  
  122  8:13  Mutalisk  
  122  8:18  Baneling  
  122  8:19  Baneling x8  
  124  8:23  Mutalisk x2  
  115  8:35  Mutalisk x2  
  117  8:43  Mutalisk  
  117  8:45  Zergling x2  
  117  8:46  Zergling x28  
  117  8:47  Zergling x2  
  133  9:02  Mutalisk  
  135  9:04  Overlord x5  
  135  9:08  Zerg Ground Armor Level 2  
  134  9:13  Zergling x2  
  134  9:14  Zergling x2  
  136  9:19  Zerg Melee Weapons Level 2  
  136  9:21  Overlord x3  
  136  9:30  Mutalisk x4  
  144  9:36  Extractor  
  144  9:37  Hatchery  
  142  9:40  Extractor  
  142  9:45  Baneling x4  
  140  9:46  Baneling x9  
  140  9:50  Zergling x2  
  140  9:51  Zergling x26  
  140  9:52  Zergling x2  
  155  9:54  Mutalisk  
  155  9:55  Mutalisk  
  159  10:03  Mutalisk  
  159  10:04  Mutalisk  
  163  10:12  Mutalisk x2  
  163  10:14  Zergling x2  
  163  10:15  Zergling x18  
  173  10:21  Infestation Pit  
  172  10:40  Mutalisk x5  
  148  11:05  Mutalisk  
  148  11:06  Mutalisk x5  
  148  11:08  Zergling x2  
  148  11:09  Zergling x34  
  148  11:10  Zergling x8  
  148  11:11  Zergling x2  
  178  11:19  Mutalisk  
  178  11:24  Mutalisk x2  
  183  11:36  Drone x2  
  183  11:37  Drone x3  
Show
View Real Time Build Order
Export as new Build Order

Shamanas Terran 

Build Orders: Mech 

Get SALT Encoding   

  12  0:01  SCV  
  13  0:13  SCV  
  14  0:18  Supply Depot  
  14  0:25  SCV  
  15  0:40  SCV  
  15  0:42  Barracks  
  16  0:45  Refinery  
  16  0:52  SCV  
  17  1:04  SCV  
  18  1:16  SCV  
  19  1:29  Orbital Command  
  19  1:30  Supply Depot  
  19  1:32  Marine  
  20  1:46  Factory  
  20  1:50  Marine  
  21  1:55  SCV  
  22  2:13  Barracks Reactor  
  22  2:15  Command Center  
  22  2:18  SCV  
  23  2:33  SCV  
  24  2:37  Factory Tech Lab  
  24  2:42  Supply Depot  
  24  2:46  SCV  
  25  2:51  Marine  
  25  2:52  Marine  
  25  2:56  Refinery  
  25  2:58  SCV, Starport  
  28  3:09  Marine x2  
  30  3:18  Cyclone  
  32  3:22  Supply Depot  
  32  3:30  Command Center  
  32  3:36  Orbital Command  
  32  3:40  SCV  
  33  3:46  Marine x2  
  35  3:52  SCV  
  36  4:00  Factory  
  36  4:03  SCV  
  36  4:04  SCV  
  38  4:10  Marine x2  
  40  4:22  SCV x2  
  42  4:25  Cyclone  
  42  4:31  Supply Depot  
  45  4:47  SCV x2  
  39  4:53  Starport  
  39  4:55  Armory  
  39  5:02  Bunker  
  39  5:05  Refinery  
  39  5:06  Hellion x2  
  43  5:08  Siege Tank  
  43  5:09  Refinery  
  43  5:10  SCV x2  
  43  5:11  Orbital Command  
  48  5:22  SCV x2  
  48  5:27  Hellion x2  
  49  5:36  Starport Tech Lab  
  49  5:39  Orbital Command  
  49  5:40  SCV x2  
  51  5:44  Cyclone  
  54  5:54  Hellion  
  54  5:55  Banshee, Hellion  
  61  5:57  SCV x2  
  61  6:11  Engineering Bay  
  61  6:15  SCV x3  
  61  6:18  Hellion x2  
  68  6:27  SCV x2  
  68  6:28  SCV  
  71  6:33  Infernal Pre-Igniter  
  71  6:38  Missile Turret  
  71  6:39  SCV x2  
  73  6:41  Hellion x2, Cyclone  
  73  6:43  Banshee  
  83  6:48  SCV  
  83  6:51  SCV  
  83  6:53  Supply Depot x2  
  85  6:54  Supply Depot  
  71  7:03  Hellion x2  
  75  7:11  SCV x3  
  75  7:13  Cyclone  
  80  7:17  Refinery  
  80  7:18  Refinery  
  80  7:20  Starport  
  80  7:23  SCV x3  
  80  7:24  Starport  
  83  7:30  Hellbat  
  83  7:31  Hellbat  
  83  7:35  SCV x2  
  83  7:36  SCV  
  90  7:38  Supply Depot  
  90  7:39  Supply Depot  
  90  7:42  Banshee  
  93  7:47  SCV x2  
  93  7:50  Thor  
  101  7:56  Hellbat  
  101  7:57  Hellbat  
  101  7:58  Starport Tech Lab  
  105  8:00  Starport Reactor  
  105  8:11  Terran Vehicle and Ship Weapons Level 1  
  105  8:15  Command Center  
  105  8:20  Hellbat x2  
  105  8:22  Banshee  
  105  8:25  Banshee  
  115  8:28  Fusion Core  
  115  8:29  Supply Depot  
  108  8:34  Supply Depot  
  108  8:40  Thor  
  104  8:41  Viking  
  104  8:42  Viking  
  105  8:50  Missile Turret x2  
  105  8:59  Missile Turret  
  105  9:02  Missile Turret  
  105  9:03  Hellbat x2  
  105  9:06  Missile Turret  
  109  9:10  Viking x2  
  113  9:18  Hyperflight Rotors  
  113  9:22  Viking x2  
  115  9:28  Planetary Fortress  
  115  9:29  SCV x3  
  118  9:38  Hellbat x2  
  122  9:41  SCV  
  121  9:51  Viking x2  
  121  9:52  Thor  
  131  9:59  SCV x3, Missile Turret  
  132  10:00  Refinery x2, Missile Turret  
  132  10:14  Hi-Sec Auto Tracking  
  132  10:15  Hellbat x2  
  132  10:18  Starport x2  
  132  10:20  Starport  
  136  10:37  Command Center, SCV x2  
  136  10:38  Command Center, SCV  
  136  10:41  Banshee  
  99  11:01  Siege Tank, Hellbat x2  
  99  11:02  Viking x3  
  99  11:03  Viking  
  89  11:27  Hellbat x2  
Tags
 
Add a new tag
Caveats
  • Supply blocks, unpowered buildings, or Contaminate may cause inaccurate times.
  • Supply counts are checked every 10 seconds.